 Dungeon Crawl Stone Soup version 0.32-a0-558-g233958a4c4 (webtiles) character file.

Game seed: 11420798653400829268

821 dialectric the Sneak (level 7, -3/49 HPs)
             Began as an Octopode Brigand on Feb 29, 2024.
             Slain by a centaur (5 damage)
             ... on level 6 of the Dungeon.
             The game lasted 00:05:09 (3733 turns).

dialectric the Sneak (Octopode Brigand)             Turns: 3733, Time: 00:05:10

Health: -3/49      AC:  1    Str: 12    XL:     7   Next: 95%
Magic:  7/7        EV: 14    Int: 19    God:
Gold:   140        SH:  0    Dex: 14    Spells: 6/6 levels left

rFire   . . .        a - +2 dagger
rCold   . . .        (no shield)
rNeg    . . .        (helmet restricted)
rPois   .            C - amulet of the acrobat
rElec   .            d - ring of see invisible
rCorr   .            j - +6 ring of intelligence
SInv    +            z - ring of flight
Will    .....        (no ring)
Stlth   +++++        (no ring)
HPRegen 0.28/turn    (no ring)
MPRegen 0.10/turn    (no ring)
                     (no ring)

%: acrobat
@: flying
A: almost no armour, amphibious, 8 rings, camouflage 1, gelatinous body 1,
(nimble swimmer 1), tentacles
a: no special abilities


You were on level 6 of the Dungeon.
You visited 1 branch of the dungeon, and saw 6 of its levels.

You collected 140 gold pieces.

Inventory:

Hand Weapons
 a - a +2 dagger (weapon)
 f - a +0 great sword of holy wrath
 l - a +1 dagger of speed
Missiles
 b - 16 poisoned darts
 c - 2 curare-tipped darts (quivered)
 v - 6 datura-tipped darts
 A - a throwing net
Armour
 t - a +0 buckler
Jewellery
 d - a ring of see invisible (left tentacle)
 j - a +6 ring of intelligence (right tentacle)
 z - a ring of flight (on tentacle)
 C - an amulet of the acrobat (around mantle)
Wands
 m - a wand of flame (50)
 x - a wand of mindburst (13)
Scrolls
 i - a scroll of amnesia {unknown}
 k - a scroll of immolation {unknown}
 o - a scroll of fog {unknown}
 s - 2 scrolls of teleportation {unknown}
 u - a scroll of noise {unknown}
 w - 2 scrolls of fear {unknown}
 y - 2 scrolls of revelation {unknown}
 E - a scroll of identify
 F - a scroll of enchant armour {unknown}
Potions
 e - a potion of invisibility {unknown}
 g - a potion of curing
 h - 2 potions of might {unknown}
 n - a potion of attraction {unknown}
 p - a potion of degeneration {unknown}
 q - 3 potions of mutation
 r - a potion of berserk rage {unknown}
 B - a potion of brilliance {unknown}
 D - a potion of enlightenment {unknown}


   Skills:
 + Level 4.7 Fighting
 * Level 4.8 Short Blades
 - Level 3.0 Throwing
 + Level 3.8 Dodging
 + Level 7.6 Stealth


You had 6 spell levels left.
You didn't know any spells.
Your spell library contained the following spells:

 Spells                   Type           Power      Damage    Failure   Level
 Magic Dart               Conj           0%         1d3       21%         1
 Blink                    Tloc           0%         N/A       30%         2
 Call Imp                 Summ           0%         N/A       30%         2
 Static Discharge         Conj/Air       0%         3-3/arc   30%         2
 Summon Ice Beast         Ice/Summ       0%         N/A       52%         3
 Airstrike                Air            0%         2d(0-16)  90%         4
 Summon Lightning Spire   Summ/Air       0%         N/A       90%         4
 Summon Mana Viper        Hex/Summ       0%         N/A       99%         5
 Monstrous Menagerie      Summ           0%         N/A       100%        7


Dungeon Overview and Level Annotations

Branches:
Dungeon (6/15)             Temple (0/1) D:4

Altars:
Ashenzari
Hepliaklqana
Makhleb
Sif Muna
Xom
Yredelemnul

Annotations:
D:5 1 runed translucent door, javelincjr's ghost, novice DsWr


Innate Abilities, Weirdness & Mutations

You cannot wear most types of armour.
You are amphibious.
You can wear up to eight rings at the same time.
Your skin changes colour to match your surroundings (Stealth+).
Your rubbery body absorbs attacks. (AC +1, EV +1)
((You are camouflaged when in or above water. (Stealth+)))
You have tentacles for arms and can constrict up to eight enemies at once.


Message History

The centaur is heavily wounded.
The centaur hits you. The centaur kicks you.
You hit the centaur but do no damage. Your squeeze misses the centaur.
The centaur is heavily wounded.
The centaur hits you.
* * * LOW HITPOINT WARNING * * *
The centaur barely misses you.
You hit the centaur but do no damage. Your squeeze misses the centaur.
The centaur is heavily wounded.
The centaur hits you.
* * * LOW HITPOINT WARNING * * *
The centaur barely misses you. The centaur hits you.
* * * LOW HITPOINT WARNING * * *
The centaur misses you.
You feel better. The centaur hits you.
* * * LOW HITPOINT WARNING * * *
The centaur barely misses you.
You barely miss the centaur.
The centaur is heavily wounded.
The centaur closely misses you. x2
You hit the centaur. You squeeze the centaur.
The centaur is almost dead.
The centaur hits you.
* * * LOW HITPOINT WARNING * * *
The centaur kicks you.
* * * LOW HITPOINT WARNING * * *
You feel better. The centaur hits you.
* * * LOW HITPOINT WARNING * * *
The centaur misses you. The centaur hits you.
* * * LOW HITPOINT WARNING * * *
The centaur kicks you.
* * * LOW HITPOINT WARNING * * *
You completely miss the centaur.
The centaur is almost dead.
The centaur closely misses you.
The centaur kicks you but does no damage.
You hit the centaur.
The centaur is almost dead.
The centaur hits you.
You die...

###########
#.........############
#.........#...........
#.........'...@.^.....
#.........#....c......
#.........#...........
#.........#######....#
##........# ....#
#........# ....
#..<.....# ...
#........# ...
#........#


You could see a centaur.

Vanquished Creatures
  An ice beast (D:5)
  A black bear (D:5)
  An ogre (D:5)
  Blork the orc (D:5)
  A phantom (D:5)
  A scorpion (D:4)
  An orc priest (D:5)
  Jessica (D:2)
  A sleepcap (D:5)
  3 orc wizards
  An iguana (D:5)
  Robin (D:3)
  3 gnolls (D:3)
  3 adders
  2 dart slugs
  7 ribbon worms
  12 orcs
  3 ball pythons
  An endoplasm (D:3)
  2 giant cockroaches (D:2)
  6 hobgoblins
  A quokka (D:2)
  10 bats
  2 frilled lizards
  17 goblins
  7 kobolds
  4 rats
94 creatures vanquished.

Notes
Turn   | Place    | Note
-------+----------+-------------------------------------------
     0 | D:1      | dialectric the Octopode Brigand began the quest for the
                  | Orb.
     0 | D:1      | Reached XP level 1. HP: 14/14 MP: 1/1
   117 | D:1      | Reached XP level 2. HP: 19/19 MP: 2/2
   333 | D:1      | You fall into a shaft and drop 1 floor!
   376 | D:2      | Found a faded altar of an unknown god.
   493 | D:2      | Reached XP level 3. HP: 10/25 MP: 3/3
   610 | D:2      | Found a shimmering altar of Xom.
   636 | D:2      | Noticed Jessica
   641 | D:2      | Killed Jessica
   642 | D:2      | Reached XP level 4. HP: 28/30 MP: 4/4
  1028 | D:3      | Reached skill level 6 in Stealth
  1134 | D:3      | Reached XP level 5. HP: 36/36 MP: 5/5
  1155 | D:3      | Noticed Robin
  1733 | D:4      | Found a broken altar of Ashenzari.
  1762 | D:4      | Found a staircase to the Ecumenical Temple.
  1794 | D:4      | Found a basalt altar of Yredelemnul.
  1795 | D:4      | Found a hazy altar of Hepliaklqana.
  1795 | D:4      | Found a shimmering blue altar of Sif Muna.
  1797 | D:4      | Found a burning altar of Makhleb.
  2359 | D:3      | Killed Robin
  2515 | D:3      | Reached XP level 6. HP: 42/42 MP: 6/6
  2779 | D:5      | Entered Level 5 of the Dungeon
  2831 | D:5      | Noticed a black bear
  2843 | D:5      | Killed a black bear
  2844 | D:5      | Reached XP level 7. HP: 41/48 MP: 7/7
  2955 | D:5      | Reached skill level 7 in Stealth
  3031 | D:5      | Found a runed translucent door.
  3031 | D:5      | Noticed javelincjr's ghost (novice DsWr)
  3083 | D:5      | Noticed Blork the orc
  3097 | D:5      | Killed Blork the orc
  3731 | D:6      | HP: 1/49 [centaur (2)]
  3733 | D:6      | Slain by a centaur

Illustrated notes

Levels and vault maps discovered:
D:1:      lightli_arrival_maybe_door_vault, layout_basic, fountainhead,
          minmay_tall_x
D:2:      layout_basic, dreamdust_ecumenical_altar_angels_and_demons,
          basic_altar, hangedman_decor_points, uniq_jessica
D:3:      layout_basic, uniq_robin
D:4:      layout_layer_cave, mainiacjoe_overflow_small_starburst,
          chequers_temple_overflow_statue_of_worship,
          minmay_temple_entry_slanted, nicolae_letterblocks
          [nicolae_letter_subblock, nicolae_letter_subblock,
          nicolae_letter_subblock, nicolae_letter_subblock,
          nicolae_letter_subblock, nicolae_letter_subblock,
          nicolae_letter_subblock, nicolae_letter_subblock,
          nicolae_letter_subblock, nicolae_letter_subblock,
          nicolae_letter_subblock, nicolae_letter_subblock,
          nicolae_letter_subblock, nicolae_letter_subblock,
          nicolae_letter_subblock, nicolae_letter_subblock,
          nicolae_letter_subblock, nicolae_letter_subblock,
          nicolae_letter_subblock, nicolae_letter_subblock,
          nicolae_letter_subblock, nicolae_letter_subblock,
          nicolae_letter_subblock, nicolae_letter_subblock,
          nicolae_letter_subblock]
D:5:      layout_gridville, hellmonk_ghost_happy_afterlife,
          chequers_serial_rivers_room_b, nicolae_wormholes, uniq_blork_the_orc
D:6:      layout_gridville, nicolae_fountain_basement, uniq_edmund,
          uniq_eustachio, uniq_sigmund

Skill      XL: |  1  2  3  4  5  6  7 |
---------------+----------------------+-----
Dodging        | 2 3 |  3.8
Stealth        | 6 7 |  7.6
Fighting       | 3 4 |  4.7
Short Blades   | 3 4 |  4.8
Throwing       | 3 |  3.0

Action                     |  1- 3 |  4- 6 |  7- 9 || total
---------------------------+-------+-------+-------++-------
  Melee: Dagger            |    40 |    77 |    60 ||   177
         Constrict         |    11 |    23 |    14 ||    48
         Tentacles         |     8 |    19 |    19 ||    46
  Throw: Dart              |       |     5 |     7 ||    12
  Evoke: Wand              |       |       |     1 ||     1
    Use: Potion            |       |     2 |     3 ||     5
         Scroll            |       |       |     2 ||     2
   Stab: Sleeping          |     7 |    15 |     1 ||    23
         Distracted        |       |     2 |       ||     2
 Armour: Skin              |    16 |    56 |    46 ||   118
  Dodge: Dodged            |    29 |    54 |    51 ||   134

Table legend: (Time is in decaauts)
 A = Elapsed time spent in this place.
 B = Non-inter-level travel time spent in this place.
 C = Inter-level travel time spent in this place.
 D = Time resting spent in this place.
 E = Time spent auto-exploring this place.
 F = Levels seen in this place.
 G = Mean time per level.
                   A        B        C        D        E       F      G
               +--------+--------+--------+--------+--------+-----+--------+
         Total |   3703 |   3583 |    120 |    413 |   2412 |   6 |  617.2 |
       Dungeon |   3703 |   3583 |    120 |    413 |   2412 |   6 |  617.2 |
               +--------+--------+--------+--------+--------+-----+--------+

Top non-repeatable levels by time:
     D:4: 1225 daAuts
     D:5: 825 daAuts
     D:3: 708 daAuts
     D:2: 515 daAuts
     D:1: 401 daAuts
     D:6: 27 daAuts
